AoeStats
← 宮古島

Arena

508102903Analyzed
2v2 RM · 13d ago on Sep 20, 2026· 19m 37s· 4 players
Game mode
Random Map
Map size
Medium (4 player)
Population
200
Speed
Normal
Resources
Standard
Victory
Conquest
Starting age
Dark Age
Ending age
Imperial Age
RankedLock teamsTeams togetherTeam positionsShared explorationLock speedFull tech treeHidden civsTurbo modeCheats
Victory
Defeat
🇸🇬 Armenians · Singapore
1786
+8
🇸🇬 Cumans · Singapore
1784
+8
🇫🇮 Burmese · Finland
1597
-8
🇺🇸 Burgundians · United States
1585
-8
宮古島
6:34 Loom
9:27 Feudal Age
9:44 Man-at-Arms
11:37 Long Swordsman
executable
6:35 Loom
9:40 Feudal Age
17:27 Double-Bit Axe
18:10 Horse Collar
p0ni spice latte
6:02 Double-Bit Axe
7:38 Loom
10:26 Feudal Age
9:43 Horse Collar
11:28 Bow Saw
14:54 Scale Barding Armor
16:53 Forging
18:13 Fletching
mundobear
9:22 Feudal Age
9:23 Man-at-Arms
10:25 Horse Collar
13:10 Forging
13:13 Loom
Connection lost

Rejoining the realm…

Still unreachable

The connection could not be restored.

Session expired

The server has moved on; the page needs a fresh start.